 Dungeon Crawl Stone Soup version 0.31-a0-1074-g0b22e4e0f1 (webtiles) character file.

Game seed: 18210642758184096740

20211 porpoise the Basher (level 12, -4/103 HPs)
             Began as an Armataur Fighter on Nov 29, 2023.
             Was a Believer of Elyvilon.
             Slain by a cane toad (18 damage)
             ... on level 3 of the Lair of Beasts.
             The game lasted 00:42:04 (14380 turns).

porpoise the Basher (Armataur Fighter)             Turns: 14380, Time: 00:42:05

Health: -4/103     AC: 17    Str: 26    XL:     12   Next: 43%
Magic:  18/18      EV:  6    Int:  8    God:    Elyvilon [**....]
Gold:   552        SH:  6    Dex: 11    Spells: 11/11 levels left

rFire   . . .        a - +1 flail
rCold   + . .        c - +1 buckler
rNeg    . . .        h - +0 plate armour
rPois   +            f - +2 helmet
rElec   .            M - +0 cloak
rCorr   .            B - +0 pair of gloves
SInv    .            (no barding)
Will    .....        (no amulet) Stlth
                     w - ring of poison resistance
HPRegen 0.37/turn    m - ring of protection from cold
MPRegen 0.16/turn

%: roll
@: no status effects
A: large, deformed body, tough skin 3, armoured tail, roll 2, long tongue
a: Renounce Religion, Purification, Heal Other


You were on level 3 of the Lair of Beasts.
You worshipped Elyvilon.
Elyvilon was pleased with you.
You visited 3 branches of the dungeon, and saw 14 of its levels.
You also visited: Sewer and Ossuary.

You collected 552 gold pieces.

Inventory:

Hand Weapons
 a - a +1 flail (weapon)
Missiles
 g - 3 darts of dispersal
 u - an atropa-tipped dart
 C - 6 datura-tipped darts
Armour
 c - a +1 buckler (worn)
 f - a +2 helmet (worn)
 h - a +0 plate armour (worn)
 B - a +0 pair of gloves (worn)
 M - a +0 cloak (worn)
Jewellery
 m - a ring of protection from cold (right hand)
 w - a ring of poison resistance (left hand)
 N - a ring of resist corrosion
Wands
 p - a wand of charming (11)
 z - a wand of light (9)
 A - a wand of iceblast (5)
 G - a wand of polymorph (6)
 O - a wand of flame (12)
Scrolls
 e - a scroll of vulnerability
 i - a scroll of silence
 j - 6 scrolls of teleportation
 k - a scroll of enchant weapon
 l - 2 scrolls of enchant armour
 n - a scroll of fear
 v - 3 scrolls of fog
 y - a scroll of amnesia {unknown}
 D - a scroll of blinking
 F - a scroll of noise
 I - a scroll of revelation
Potions
 b - a potion of heal wounds
 d - 5 potions of might
 o - 3 potions of cancellation
 q - 2 potions of curing
 s - 2 potions of lignification
 x - 2 potions of invisibility
 E - a potion of ambrosia
 J - a potion of berserk rage


   Skills:
 + Level 8.5 Fighting
 + Level 12.6 Maces & Flails
 - Level 7.0 Armour
 - Level 5.0 Dodging
 - Level 5.0 Shields
 + Level 8.3 Invocations
 - Level 5.0 Evocations


You had 11 spell levels left.
You didn't know any spells.
Your spell library contained the following spells:

 Spells                   Type           Power      Damage    Failure   Level
 Apportation              Tloc           0%         N/A       99%         1
 Necrotise                Necr           0%         1d4       99%         1
 Summon Small Mammal      Summ           0%         N/A       99%         1
 Ensorcelled Hibernation  Hex/Ice        0%         N/A       100%        2
 Passwall                 Tmut/Erth      0%         N/A       100%        2
 Ozocubu's Armour         Ice            0%         N/A       100%        3
 Swiftness                Air            0%         N/A       100%        3
 Olgreb's Toxic Radiance  Pois           0%         N/A       100%        4
 Metabolic Englaciation   Hex/Ice        0%         N/A       100%        5
 Simulacrum               Ice/Necr       0%         N/A       100%        6
 Discord                  Hex            0%         N/A       100%        8
 Ignition                 Fire           0%         3d3       100%        8


Dungeon Overview and Level Annotations

Branches:
Dungeon (10/15)            Temple (1/1) D:5            Lair (3/5) D:8
 Shoals (0/4) Lair:2          Orc (0/2) D:9           Sewer (visited)
Ossuary (visited)
  Snake: Lair:2-3    Spider: Lair:2-3

Altars:
Ashenzari
Cheibriados
Dithmenos
Elyvilon
Fedhas
Gozag
Hepliaklqana
Kikubaaqudgha
Makhleb
Nemelex Xobeh
Okawaru
Qazlal
Ru
Sif Muna
Trog
Uskayaw
Vehumet
Wu Jian
Xom
Yredelemnul
Zin
The Shining One


Innate Abilities, Weirdness & Mutations

Armour fits poorly on your strangely shaped body.
You have extremely tough skin. (AC +3)
You have a long armoured tail.
You roll and regenerate health when moving toward enemies. (Rampage Heal)
Your long tongue fully drains potion bottles. (2x potion effects)


Message History

The elephant is moderately wounded.
The elephant tramples you but does no damage.
The elephant completely misses you. The cane toad stings you.
You thump the elephant!
The elephant is heavily wounded.
The yak gores you but does no damage. You block the cane toad's attack.
The elephant tramples you!
You hold your ground!
You block the elephant's attack.
You hit the elephant but do no damage.
The elephant is heavily wounded.
The cane toad stings you but does no damage.
You block the yak's attack. The elephant closely misses you.
You block the elephant's attack.
You barely miss the elephant.
The elephant is heavily wounded.
The cane toad stings you! The yak gores you!
The elephant tramples you but does no damage.
The elephant trunk-slaps you but does no damage.
You sock the elephant!
The elephant is severely wounded.
The cane toad stings you!!
You are poisoned.
The cane toad poisons you!
You hit the elephant.
The elephant is severely wounded.
You feel very sick. You block the yak's attack. The elephant tramples you!
* * * LOW HITPOINT WARNING * * *
You hold your ground!
The elephant trunk-slaps you but does no damage.
The yak gores you.
* * * LOW HITPOINT WARNING * * *
The cane toad stings you!
* * * LOW HITPOINT WARNING * * *
You feel better.
You slurp down every last drop of the potion of curing!
The yak gores you.
* * * LOW HITPOINT WARNING * * *
The cane toad stings you!!
You die...

##.. # ... # #..#
#.#.. #F #... .#.##
.. . ##.. ... #+.
##.. ##.##
.FY.###.## ##.8.##
.##.#Y.#.8.
#..Y..#.......#Y...
#8@Y..†Y..8......<.
#.FY..#...Y...#....
##.8.## #.....##.8.
##.#.# ..... ##.#
.#.## #.+#. #.# ..
#. . . P.. .#. # ..
#.. #.#. #..


You could see 2 elephants, 2 yaks and a cane toad.

Vanquished Creatures
  A catoblepas (Lair:1)
  A two-headed ogre (D:10)
  7 elephants
  A cyclops (D:9)
  Joseph (D:8)
  A kobold demonologist (D:10)
  3 cane toads
  An unseen horror (D:10)
  A komodo dragon (Lair:2)
  A polar bear (Lair:2)
  A troll (D:10)
  A hornet (D:10)
  22 blink frogs
  4 wyverns
  29 yaks
  A basilisk (Lair:2)
  4 vampire mosquitoes (D:10)
  Edmund (D:5)
  7 water moccasins
  An acid dragon (D:9)
  2 orc warriors (D:8)
  2 ogres
  3 centaurs
  A kobold brigand (Sewer)
  9 bullfrogs
  12 scorpions
  3 wights (D:6)
  4 killer bees (D:8)
  2 centaur zombies (Ossuary)
  2 hounds (D:4)
  4 human zombies (Ossuary)
  A jelly (D:6)
  5 orc priests
  2 sleepcaps
  Ijyb (D:3)
  2 iguanas
  3 orc wizards
  3 scorpion zombies (Ossuary)
  3 mummies (Ossuary)
  12 adders
  5 river rats (Sewer)
  2 white imps
  2 ufetubi (D:6)
  A worm (D:6)
  3 dart slugs
  18 orcs
  4 bats
  7 endoplasms
  6 giant cockroaches
  2 gnoll zombies (Ossuary)
  7 goblins
  9 hobgoblins
  5 jackals (Sewer)
  12 kobolds
  4 quokkas
  5 ball pythons
  9 frilled lizards
  A goblin zombie (Ossuary)
  A hobgoblin zombie (Ossuary)
  3 kobold zombies (Ossuary)
  2 orc zombies (Ossuary)
  6 rats
279 creatures vanquished.

Notes
Turn   | Place    | Note
-------+----------+-------------------------------------------
     0 | D:1      | porpoise the Armataur Fighter began the quest for the Orb.
     0 | D:1      | Reached XP level 1. HP: 18/18 MP: 1/1
   106 | D:1      | Reached skill level 2 in Maces & Flails
   253 | D:1      | Reached XP level 2. HP: 25/25 MP: 2/2
   620 | D:1      | Found a faded altar of an unknown god.
   746 | D:2      | Reached XP level 3. HP: 31/31 MP: 3/3
   804 | D:2      | Reached skill level 3 in Maces & Flails
  1277 | D:3      | Reached XP level 4. HP: 35/38 MP: 4/4
  1450 | D:3      | Found a shimmering blue altar of Sif Muna.
  1536 | D:3      | Found a glowing golden altar of the Shining One.
  1574 | D:3      | Became a worshipper of the Shining One
  1835 | D:3      | Noticed Ijyb
  1860 | D:3      | Killed Ijyb
  2205 | D:4      | Reached skill level 4 in Maces & Flails
  2205 | D:4      | Reached XP level 5. HP: 45/46 MP: 5/5
  2399 | D:4      | Noticed an ogre
  2410 | D:4      | Killed an ogre
  2582 | D:4      | Reached XP level 6. HP: 28/52 MP: 6/6
  2707 | D:4      | Reached skill level 5 in Maces & Flails
  2955 | D:4      | Found an opulent altar of Gozag.
  3236 | D:5      | Entered Level 5 of the Dungeon
  3236 | D:5      | Noticed Edmund
  3250 | D:5      | Killed Edmund
  3251 | D:5      | Gained mutation: You roll and regenerate health when moving
                  | toward enemies. (Rampage Heal) [Armataur growth]
  3251 | D:5      | Reached XP level 7. HP: 26/60 MP: 7/7
  3415 | D:5      | Reached skill level 5 in Fighting
  3415 | D:5      | Reached skill level 1 in Invocations
  3745 | D:5      | Found a staircase to the Ecumenical Temple.
  3753 | Temple   | Entered the Ecumenical Temple
  4121 | D:6      | Reached skill level 6 in Maces & Flails
  4183 | D:6      | Found a glowing drain.
  4187 | Sewer    | Entered a sewer
  4188 | Sewer    | Reached * piety under the Shining One
  4493 | Sewer    | Reached skill level 5 in Armour
  4911 | D:6      | Reached XP level 8. HP: 40/66 MP: 9/9
  5584 | D:6      | Found a hide-covered altar of Uskayaw.
  5714 | D:7      | Found a shimmering altar of Xom.
  5743 | D:7      | Reached skill level 7 in Maces & Flails
  5772 | D:7      | Found a sand-covered staircase.
  5776 | Ossuary  | Entered an ossuary
  5808 | Ossuary  | Reached ** piety under the Shining One
  5976 | Ossuary  | Reached *** piety under the Shining One
  6014 | Ossuary  | Reached skill level 1 in Dodging
  6014 | Ossuary  | Reached XP level 9. HP: 68/74 MP: 12/12
  6066 | Ossuary  | Reached skill level 8 in Maces & Flails
  7115 | D:8      | Noticed Joseph
  7126 | D:8      | Killed Joseph
  7127 | D:8      | Reached skill level 5 in Invocations
  7224 | D:8      | Reached skill level 9 in Maces & Flails
  7484 | D:8      | Found a sparkling altar of Nemelex Xobeh.
  7558 | D:8      | Found a staircase to the Lair.
  7629 | D:8      | Found a white marble altar of Elyvilon.
  7629 | D:8      | Found a burning altar of Makhleb.
  8246 | D:9      | Noticed a cyclops
  8263 | D:9      | Killed a cyclops
  8264 | D:9      | Reached XP level 10. HP: 33/81 MP: 14/14
  8490 | D:9      | Found a staircase to the Orcish Mines.
  8640 | D:9      | Reached skill level 5 in Shields
  8649 | D:9      | Reached skill level 10 in Maces & Flails
  9291 | D:9      | Found a sacrificial altar of Ru.
  9431 | D:10     | Entered Level 10 of the Dungeon
  9473 | D:10     | Reached **** piety under the Shining One
  9888 | D:10     | Found a basalt altar of Yredelemnul.
 10003 | D:10     | Reached XP level 11. HP: 91/91 MP: 16/16
 10109 | D:10     | Noticed a two-headed ogre
 10119 | D:10     | Killed a two-headed ogre
 10120 | D:10     | Reached skill level 11 in Maces & Flails
 10290 | D:10     | Reached skill level 1 in Evocations
 10551 | Lair:1   | Entered Level 1 of the Lair of Beasts
 10629 | Lair:1   | HP: 3/92 [blink frog (10)]
 10793 | Lair:1   | Noticed a catoblepas
 10817 | Lair:1   | Killed a catoblepas
 10826 | Lair:1   | HP: 4/92 [elephant (4)]
 11297 | Lair:1   | Reached skill level 5 in Dodging
 11591 | Lair:1   | Reached skill level 12 in Maces & Flails
 12063 | D:8      | Fell from the grace of the Shining One
 12063 | D:8      | Became a worshipper of Elyvilon the Healer
 12063 | D:8      | Reached * piety under Elyvilon
 12063 | D:8      | Reached ** piety under Elyvilon
 12346 | Lair:2   | Reached skill level 5 in Evocations
 12609 | Lair:2   | Reached XP level 12. HP: 19/100 MP: 17/17
 13733 | Lair:2   | Found a staircase to the Shoals.
 14380 | Lair:3   | Slain by a cane toad

Illustrated notes

Levels and vault maps discovered:
D:1:      lemuel_arrival_behind_the_door_large, layout_loops_ring,
          shapermc_ecumenical_altar_mp_vishouse
D:2:      layout_basic, nrook_loot_triangle, kennysheep_big_empty_room,
          minmay_divided_ellipse
D:3:      layout_loops_cross, mainiacjoe_overflow_catch_the_wave,
          grunt_ministairs_9, chequers_decorated_corner,
          kennysheep_decorative_pillar, uniq_ijyb
D:4:      layout_cave_pods, lemuel_crystal_altar
D:5:      layout_loops_ring, temple_doors_cd, corner_web_ring, uniq_edmund
D:6:      layout_loops_ring, nicolae_uskayaw_suspiria, gup_sewer_entry_spiral,
          kennysheep_small_square
D:7:      layout_rooms, lemuel_crystal_altar, enter_ossuary_5,
          serial_library_hellmonk_h_bend
D:8:      layout_gridville, nemelex_spade_bored_becter,
          gammafunk_temple_overflow_pools, lair_entry_dummy, uniq_joseph
D:9:      layout_loops_ring, lemuel_coloured_pillars_altar, orc_0_dummy
D:10:     layout_loops_ring, kennysheep_mini
Temple:   hellmonk_temple_flake
Lair:1:   layout_gridlike
Lair:2:   layout_loops_ring, elwin_shoals_entry_rooms, serial_bayou_shore_b
Lair:3:   dragon1_lemuel, layout_loops_ring, minmay_snake_entry_six_corridors,
          chequers_serial_rivers_room_a, nzn_sisyphean_effort,
          serial_bayou_shore_a, serial_bayou_shore_b, grunt_megastairs_1,
          infiniplex_staircase_pool

Skill      XL: |  1  2  3  4  5  6  7  8  9 10 11 12 |
---------------+-------------------------------------+-----
Maces & Flails | 2 3 4 5 6 7 9 10 12 | 12.6
Fighting       | 3 4 5 6 7 8 |  8.5
Invocations    | 2 4 5 7 8 |  8.3
Armour         | 5 7 |  7.0
Dodging        | 1 3 5 |  5.0
Shields        | 4 5 |  5.0
Evocations     | 5 |  5.0

Action                     |  1- 3 |  4- 6 |  7- 9 | 10-12 || total
---------------------------+-------+-------+-------+-------++-------
  Melee: Flail             |   109 |   130 |   387 |   553 ||  1179
         Tailslap          |    10 |    15 |    71 |   105 ||   201
  Throw: Dart              |       |     2 |     1 |     1 ||     4
  Evoke: Wand              |       |       |       |     1 ||     1
    Use: Scroll            |       |     1 |    15 |     7 ||    23
         Potion            |       |       |       |     4 ||     4
 Armour: Scale mail        |    20 |       |       |       ||    20
         Plate armour      |    67 |   119 |   303 |   479 ||   968
  Dodge: Dodged            |    23 |    15 |    82 |   119 ||   239
  Block: Buckler           |    17 |    22 |    82 |   138 ||   259

Table legend: (Time is in decaauts)
 A = Elapsed time spent in this place.
 B = Non-inter-level travel time spent in this place.
 C = Inter-level travel time spent in this place.
 D = Time resting spent in this place.
 E = Time spent auto-exploring this place.
 F = Levels seen in this place.
 G = Mean time per level.
                   A        B        C        D        E       F      G
               +--------+--------+--------+--------+--------+-----+--------+
         Total |  14376 |  13791 |    585 |   4248 |   6973 |  16 |  898.5 |
       Dungeon |   9616 |   9159 |    457 |   2308 |   5357 |  10 |  961.6 |
        Temple |      1 |      0 |      1 |      0 |      0 |   1 |    1.0 |
          Lair |   3686 |   3559 |    127 |   1798 |   1193 |   3 | 1228.7 |
         Sewer |    538 |    538 |      0 |      0 |    339 |   1 |  538.0 |
       Ossuary |    533 |    533 |      0 |    142 |     84 |   1 |  533.0 |
               +--------+--------+--------+--------+--------+-----+--------+

Top non-repeatable levels by time:
  Lair:2: 2124 daAuts
     D:8: 1555 daAuts
  Lair:1: 1527 daAuts
     D:9: 1347 daAuts
     D:4: 1140 daAuts
     D:6: 1060 daAuts
    D:10: 964 daAuts
     D:5: 856 daAuts
     D:3: 854 daAuts
     D:1: 662 daAuts
     D:2: 636 daAuts
   Sewer: 538 daAuts
     D:7: 537 daAuts
 Ossuary: 533 daAuts
  Lair:3: 34 daAuts
